Map: Torches LE

Players

ManlyManMeat

  • Race: Terran Terran
  • League: Master
  • Spawn Location: 1:00

VOD

Have the link to the VOD?

Description

Time

  • Played on: May 21, 2025, 4:03 a.m.
  • Length: 3:23
Show
View Real Time Build Order
Export as new Build Order

ManlyManMeat Terran 

Build Orders:  

Get SALT Encoding   

  12  0:00  SCV  
  13  0:22  Supply Depot  
  13  0:23  SCV  
  14  0:40  SCV  
  15  0:54  Barracks  
  15  0:57  SCV  
  16  1:02  Refinery  
  16  1:14  SCV  
  17  1:31  SCV  
  18  1:48  SCV  
  19  2:05  Orbital Command  
  19  2:06  Reaper  
  20  2:27  Command Center  
  20  2:40  Supply Depot  
  20  2:47  SCV  
  21  2:55  Marine  
  22  3:04  SCV  
Tags
 
League
Master
Matchup
Co-op
Add a new tag
Caveats
  • Supply blocks, unpowered buildings, or Contaminate may cause inaccurate times.
  • Supply counts are checked every 10 seconds.